AoeStats
← its big brain time

Arabia

507296461Analyzed
1v1 RM · 16d ago on Sep 17, 2026· 31m 40s· 2 players
Game mode
Random Map
Map size
Tiny (2 player)
Population
200
Speed
Normal
Resources
Standard
Victory
Conquest
Starting age
Dark Age
Ending age
Imperial Age
RankedLock teamsTeams togetherTeam positionsShared explorationLock speedFull tech treeHidden civsTurbo modeCheats
Victory
Defeat
🇲🇾 Gurjaras · Malaysia
1672
+15
🇹🇷 Bulgarians · Türkiye
1641
-15
its big brain time
5:31 Loom
8:58 Feudal Age
9:23 Double-Bit Axe
15:54 Horse Collar
22:42 Castle Age
22:45 Bloodlines
23:03 Fletching
23:31 Padded Archer Armor
23:30 Bodkin Arrow
22:57 Elite Skirmisher
30:50 Light Cavalry
MAYBANK MUSIC
6:18 Loom
8:29 Feudal Age
9:06 Double-Bit Axe
18:22 Castle Age
16:40 Fletching
17:42 Padded Archer Armor
17:39 Horse Collar
18:36 Gold Mining
19:31 Bodkin Arrow
19:00 Crossbowman
23:46 Bow Saw
25:04 Heavy Plow
26:10 Wheelbarrow
25:57 Town Watch
26:29 Bloodlines
26:19 Husbandry
27:29 Scale Barding Armor
28:06 Forging
31:26 Iron Casting
Connection lost

Rejoining the realm…

Still unreachable

The connection could not be restored.

Session expired

The server has moved on; the page needs a fresh start.